caesar, neutral male human Barbarian ---- ---- ---- ------- ---..--|..|------|..--- --..--.---- --......|..--.--.--....| |.........-- --- |......................| ----- --.........| |..----..............)......----.|.----- |...--....| --....|...........`.....................| --..|--...-- ---.................*...................-.--- ----.-- |....| |..........^.......).......--..---..........| -- |....| --------................---.......|---- |-......-- --- |. |....| |.................| |.......| |.......| ..| |.| ----.| --. --..........--- --..--..| --...)..| -.--- |.| |.|# -- |-.....-.--- ----------- --......| --...| |.| ---.## #...)..*.| --..---.....-----..-.--- |.| #...)----- -----.......| |..........-- |.......| |.| |.....|..| --..--.>...|.- |..........| --....|.--|.| |-..-.|..------........--|.. --.........------....|...|.| |.........d.@h..........---- ---........--.|...-----.|.| --.........-----.........| --.............-- |..<| ---.|.--.-- --..|.|..-- ----..........| --..| -------- --------- ---.|.--*--- ---- -------- caesar the Bandit Experience level: 6 Strength: 18/03 Dexterity: 16 Constitution: 18 Intelligence: 7 Wisdom: 7 Charisma: 6 Health: 0(53) Energy: 17(17) Def: 5 Gold: 448 Moves: 2716 Dungeon seed: adU-UZwXYZk3DUI0 Game ID: caesar_1512180331 Your Inventory: Coins $ - 448 gold pieces Weapons a - a blessed +0 two-handed sword (weapon in hands) x - a +0 dwarvish mattock Armor e - an uncursed +0 ring mail (being worn) n - an uncursed +0 pair of jumping boots (being worn) q - an uncursed +0 orcish helm (being worn) r - an uncursed +0 dwarvish iron helm y - an uncursed +0 pair of iron shoes B - an uncursed +0 pair of iron shoes N - a blessed +1 dwarvish cloak Y - an uncursed +0 dwarvish iron helm Comestibles c - 3 uncursed food rations v - 2 uncursed tins of giant rat meat Scrolls f - a cursed scroll of remove curse j - an uncursed scroll of amnesia l - a blessed scroll of magic mapping p - an uncursed scroll of identify s - a blessed scroll of destroy armor z - an uncursed scroll of food detection Potions g - an uncursed potion of object detection i - a blessed potion of paralysis Rings t - an uncursed ring of levitation C - a cursed ring of teleportation Wands h - a wand of digging (0:6) k - a wand of striking (0:5) Tools A - 3 uncursed tallow candles (0:200) D - an uncursed lock pick Spells and supernatural/magical abilities: Name Level Category Fail Memory W - pray for help -- divine ? -- Y - supernatural jump -- ability ? -- Your skills at the end: Fighting Skills bare handed combat [Basic] Weapon Skills axe [Basic] two-handed sword [Basic] Spellcasting Skills Final Attributes: You were piously aligned. You were poison resistant. You were telepathic. You could jump. You were lucky. You are dead. Vanquished creatures: 2 large mimics a small mimic a rock mole 2 gnome lords a kobold mummy a gray ooze an elf zombie a floating eye 2 dwarves a homunculus a kobold lord 2 rothes 2 coyotes a gas spore 4 hobbits a cave spider 2 yellow molds 9 gnomes 3 gnome zombies 2 geckos 6 jackals a fox 2 goblins a sewer rat 5 grid bugs 2 lichens a kobold zombie 6 newts 64 creatures vanquished. Voluntary challenges: You were an atheist. You used a wielded weapon 60 times, starting on turn 22. You read items or engraved 3 times, starting on turn 1194. You never genocided any monsters. You never polymorphed an object. You never changed form. You used no wishes. You never split a pudding. You wrote Elbereth's name 1 time, starting on turn 1218. You never violated your personal moral code. Dungeon overview: The Dungeons of Doom: levels 1 to 5 Level 1 (Vault) a fountain, a sink a long staircase Level 2 stairs to The Gnomish Mines Level 3 Level 4 a general store, a sink Level 5 a fountain The Gnomish Mines: Level 3 <- You were here stairs to The Dungeons of Doom History has recorded: On T:1 you entered the Dungeons of Doom to retrieve the Amulet of Yendor! On T:56 you reached level 2 of The Dungeons of Doom. On T:581 you reached level 3 of The Dungeons of Doom. On T:802 you advanced to experience level 2. On T:954 you reached level 4 of The Dungeons of Doom. On T:1013 you advanced to experience level 3. On T:1036 you advanced to experience level 4. On T:1046 you advanced to experience level 5. On T:1146 you reached level 5 of The Dungeons of Doom. On T:2526 you reached level 1 of The Gnomish Mines. On T:2563 you advanced to experience level 6. Score breakdown: Gold: 448 ( 9022 points) Experience: 6 levels (12456 points) Exploration: 5 levels ( 10.87%) ( 8944 points) Discoveries: 5 items ( 2.03%) ( 4276 points) Valuables value: (no points given unless you survive) Artifact value: 0 ( 0 points) Variety of kills: 28 monsters ( 7.35%) ( 8132 points) Turncount: 2716 turns ( -453 points) Survival: died (score multiplied by 80%) Total score: 33901 Latest messages: There is nothing here to pick up. You see here a lock pick. D - a lock pick. The cave spider bites! You kill the cave spider! There are several objects here. Pudgy eats a cave spider corpse. The dwarf king wields a dwarvish short sword! The dwarf king thrusts his dwarvish short sword. The dwarf king hits! You miss the dwarf king. (2x) The dwarf king thrusts his dwarvish short sword. The dwarf king hits! The dwarf king thrusts his dwarvish short sword. The dwarf king hits! You miss the dwarf king. You smite the dwarf king! The dwarf king thrusts his dwarvish short sword. The dwarf king hits! The dwarf king thrusts his dwarvish short sword. The dwarf king hits! You die... Final status: Goodbye caesar the Barbarian, killed by a dwarf king... You died in The Gnomish Mines on dungeon level 3 with 33901 points, and 448 pieces of gold, after 2716 moves. You were level 6 with a maximum of 53 hit points when you died.